 Dungeon Crawl Stone Soup version 0.23.2-40-g277498a001 (webtiles) character file.

Game seed: 7312137473589278702

508 Descartes the Skirmisher (level 7, 0/55 HPs)
             Began as a Formicid Abyssal Knight on Sept 20, 2019.
             Was a Priest of Lugonu.
             Slain by a gnoll
             ... wielding a +0 halberd
              (6 damage)
             ... on level 4 of the Dungeon.
             The game lasted 00:15:30 (3954 turns).

Descartes the Skirmisher (Formicid Abyssal Knight)  Turns: 3954, Time: 00:15:31

Health: 0/55       AC: 15    Str: 16    XL:     7   Next: 42%
Magic:  10/10      EV:  6    Int: 11    God:    Lugonu [***...]
Gold:   211        SH:  0    Dex: 15    Spells: 6/6 levels left

rFire    . . .     SeeInvis +   a - +2 hand axe
rCold    . . .     Gourm    .   (no shield)
rNeg     . . .     Faith    .   n - +0 plate armour
rPois    .         Spirit   .   (helmet unavailable)
rElec    .         Reflect  .   (no cloak)
rCorr    +         Harm     .   d - +0 pair of gloves
MR       .....     Clarity  +   w - +0 pair of boots
Stlth    ..........             (no amulet)
HPRegen  0.18/turn              m - ring of resist corrosion
MPRegen  0.12/turn              g - +4 ring of dexterity

@: no status effects
A: permanent stasis, dig shafts and tunnels, four strong arms, antennae 3,
clarity, shaggy fur 1, weak 1
a: Dig, Shaft Self, Depart the Abyss, Bend Space, Banish, Renounce Religion


You were on level 4 of the Dungeon.
You worshipped Lugonu.
Lugonu was most pleased with you.
You were not hungry.

You visited 1 branch of the dungeon, and saw 4 of its levels.
You visited the Abyss 1 time.

You collected 211 gold pieces.

Inventory:

Hand Weapons
 a - a +2 hand axe (weapon)
 x - a cursed +0 morningstar
Missiles
 h - 48 bolts
 i - 82 arrows
 j - 35 stones (quivered)
 q - 4 javelins
 r - 15 tomahawks
 s - 30 poisoned needles
Armour
 d - a +0 pair of gloves (worn)
 l - a +0 ring mail
 n - a +0 plate armour (worn)
 w - a +0 pair of boots (worn)
Jewellery
 g - a +4 ring of dexterity (right hand)
 m - a ring of resist corrosion (left hand)
Scrolls
 o - 2 scrolls of fog
 v - a scroll of enchant weapon
Potions
 e - 4 potions of curing
 f - 3 potions of resistance
 k - a potion of flight
Comestibles
 b - 3 chunks of flesh
 c - 4 rations


   Skills:
 + Level 4.8 Fighting
 - Level 3.0(3.2) Axes
 + Level 1.7(2.6) Maces & Flails
 + Level 3.8 Armour
 + Level 2.6 Dodging
 + Level 3.3 Stealth
 + Level 4.0 Invocations


You had 6 spell levels left.
You didn't know any spells.
Your spell library contained the following spells:

 Spells                   Type           Power        Failure   Level  Hunger
 Magic Dart               Conj           #...         100%        1    ##.....
 Searing Ray              Conj           #.....       100%        2    ###....
 Dazzling Spray           Conj/Hex       #.....       100%        3    ####...
 Force Lance              Conj/Tloc      #.......     100%        4    #####..
 Fulminant Prism          Conj/Hex       #.........   100%        4    #####..
 Iskenderun's Mystic Bla  Conj           #.......     100%        4    #####..


Dungeon Overview and Level Annotations

Branches:
Dungeon (4/15)
 Temple: D:4-7

Altars:
Ashenzari
Trog


Innate Abilities, Weirdness & Mutations

You cannot be hasted, slowed, berserked, paralysed or teleported.
You can dig through walls and to a lower floor.
Your four strong arms can wield two-handed weapons with a shield.
You have a pair of large antennae on your head. (SInv)
You possess an exceptional clarity of mind.
You are covered in fur. (AC +1)
You are weak. (Str -2)


Message History

There is an open door here.
The gnoll barely misses you. The gnoll hits you but does no damage.
There is an open door here.
You hit the gnoll.
The gnoll is lightly wounded.
The gnoll barely misses you.
You hit the gnoll.
The gnoll is moderately wounded.
The gnoll barely misses you.
You hit the gnoll.
The gnoll is almost dead.
The gnoll hits you but does no damage. The gnoll barely misses you.
Your plate armour prevents you from hitting the gnoll.
The gnoll is almost dead.
The gnoll hits you with a +0 halberd.
* * * LOW HITPOINT WARNING * * *
You completely miss the gnoll.
The gnoll is almost dead.
The gnoll barely misses you. The gnoll hits you with a +0 halberd.
You die...

... ......# #### #.....#
...# #))...# ...+
#.)...# #### #.....#
######....########(....#
.....#...>#.....>()....#
.....#....+.....g#.....#
######....######@#.....#
.......................#
.......................#
.......................#
.......................#
.##+#.......####'#.....#
.# #.......#....#.....#
.# #.......#....#.....#
.# #.......###+##.....#


You could see a gnoll.

Vanquished Creatures
  An ogre (D:4)
  2 jellies (D:2)
  An orc priest (D:3)
  Jessica (D:2)
  A gnoll shaman (D:4)
  2 orc wizards (D:4)
  A hound skeleton (D:4)
  4 gnolls (D:4)
  3 adders
  8 oozes
  4 worms
  2 dart slugs
  2 leopard geckos
  11 orcs
  2 giant cockroaches
  7 hobgoblins
  9 jackals
  18 kobolds
  A quokka (D:3)
  6 bats
  7 frilled lizards
  7 goblins
  8 rats
108 creatures vanquished.

Vanquished Creatures (others)
  10 toadstools (D:2)
10 creatures vanquished.

Grand Total: 118 creatures vanquished

Notes
Turn   | Place    | Note
-------+----------+-------------------------------------------
     0 | Abyss:1  | Descartes the Formicid Abyssal Knight began the quest for
                  | the Orb.
     0 | Abyss:1  | Reached XP level 1. HP: 18/18 MP: 2/2
    46 | Abyss:1  | Noticed a small abomination
    80 | Abyss:1  | Found an ancient bone altar of Kikubaaqudgha.
    91 | Abyss:1  | Noticed a small abomination
   115 | D:1      | Escaped the Abyss
   241 | D:1      | Reached XP level 2. HP: 4/25 MP: 3/3
   558 | D:1      | Reached * piety under Lugonu
   732 | D:1      | Reached skill level 1 in Dodging
   875 | D:1      | Reached XP level 3. HP: 30/30 MP: 4/4
  1062 | D:2      | Noticed Jessica
  1079 | D:2      | Killed Jessica
  1079 | D:2      | Reached skill level 1 in Stealth
  1079 | D:2      | Reached XP level 4. HP: 25/37 MP: 4/6
  1147 | D:2      | Found a bloodstained altar of Trog.
  1236 | D:2      | Found a shattered altar of Ashenzari.
  1698 | D:2      | Reached ** piety under Lugonu
  1757 | D:2      | Reached XP level 5. HP: 19/42 MP: 7/7
  2213 | D:2      | Reached XP level 6. HP: 33/49 MP: 8/8
  3137 | D:3      | Reached *** piety under Lugonu
  3322 | D:3      | Gained mutation: You possess an exceptional clarity of
                  | mind. [potion of mutation]
  3322 | D:3      | Gained mutation: You are weak. (Str -2) [potion of
                  | mutation]
  3322 | D:3      | Gained mutation: You are covered in fur. (AC +1) [potion of
                  | mutation]
  3541 | D:4      | Noticed an ogre
  3565 | D:4      | Killed an ogre
  3565 | D:4      | Reached skill level 1 in Maces & Flails
  3565 | D:4      | Reached XP level 7. HP: 22/55 MP: 9/9
  3954 | D:4      | Slain by a gnoll

Skill      XL: |  1  2  3  4  5  6  7 |
---------------+----------------------+-----
Dodging        | 1 2 |  2.6
Fighting       | 4 |  4.8
Stealth        | 1 2 3 |  3.3
Invocations    | 3 4 |  4.0
Armour         | 3 |  3.8
Axes           | 3 |  3.0
Maces & Flails | 1 |  1.7

Action                   |  1- 3 |  4- 6 |  7- 9 || total
-------------------------+-------+-------+-------++-------
Melee: Hand axe          |    52 |   160 |    61 ||   273
       Morningstar       |       |    52 |       ||    52
Invok: Depart the Abyss  |     1 |       |       ||     1
  Use: Scroll            |     2 |     8 |     1 ||    11
       Potion            |       |     1 |       ||     1
 Stab: Sleeping          |       |     1 |       ||     1
  Eat: Chunk             |       |     9 |     1 ||    10
Armor: Leather armour    |    11 |    32 |       ||    43
       Plate armour      |       |    78 |    56 ||   134
       Ring mail         |       |     6 |       ||     6
Dodge: Dodged            |    32 |   114 |    30 ||   176
